 Dungeon Crawl Stone Soup version 0.27-a0-1500-g450c7e4133 (webtiles) character file.

Game seed: 17603901064978260083

1054 swerve the Skirmisher (level 8, -1/51 (55) HPs)
             Began as an Octopode Conjurer on July 7, 2021.
             Slain by a wight (3 damage)
             ... on level 5 of the Dungeon.
             The game lasted 00:18:43 (8320 turns).

swerve the Skirmisher (Octopode Conjurer)           Turns: 8320, Time: 00:18:44

HP:   -1/51 (55)    AC:  1    Str: 11    XL:     8   Next: 26%
MP:   11/15         EV: 13    Int: 22    God:
Gold: 204           SH:  0    Dex: 10    Spells: 6/17 levels left

rFire    . . .     SeeInvis +   a - +6 mace of Dismemberment {freeze, Str+4}
rCold    . . .     Faith    .   (no shield)
rNeg     . . .     Spirit   .   (helmet restricted)
rPois    .         Reflect  .   (no amulet)
rElec    .         Harm     .   r - ring of see invisible
rCorr    .         Rampage  .   (no ring)
Will     .....                  (no ring)
Stlth    ++++......             (no ring)
HPRegen  0.17/turn              (no ring)
MPRegen  0.14/turn              (no ring)
                                (no ring)
                                (no ring)

@: drained
A: almost no armour, amphibious, 8 rings, camouflage 1, gelatinous body 1,
(nimble swimmer 1), tentacles
a: no special abilities


You were on level 5 of the Dungeon.
You visited 1 branch of the dungeon, and saw 6 of its levels.
You also visited: Sewer.

You collected 204 gold pieces.

Inventory:

Hand Weapons
 a - the +6 mace of Dismemberment (weapon) {freeze, Str+4}
   (You took it off a gnoll on level 4 of the Dungeon)

   It has been specially enchanted to freeze those struck by it, causing extra
   injury to most foes and up to half again as much damage against particularly
   susceptible opponents.
   It can also slow down cold-blooded creatures.
   Str:       It affects your strength (+4).
 b - a +0 short sword
 v - a +0 shortbow
Missiles
 c - 82 arrows
 d - 122 stones
 e - 56 sling bullets
 h - 23 poisoned darts
 s - 3 atropa-tipped darts
Magical Staves
 k - a staff of fire
 p - a staff of cold
Jewellery
 r - a ring of see invisible (left tentacle)
Wands
 j - a wand of flame (19)
 n - a wand of acid (4)
 u - a wand of paralysis (9)
Scrolls
 g - a scroll of blinking
 o - 3 scrolls of teleportation
 t - a scroll of enchant armour
Potions
 f - 2 potions of heal wounds {unknown}
 i - a potion of might
 l - 3 potions of flight
 m - a potion of curing {unknown}
 q - a potion of attraction {unknown}


   Skills:
 - Level 5.0 Fighting
 - Level 2.0 Dodging
 + Level 4.7 Stealth
 - Level 5.0 Spellcasting
 - Level 5.0 Conjurations
 - Level 5.0 Poison Magic


You had 6 spell levels left.
You knew the following spells:

 Your Spells              Type           Power      Damage    Failure   Level
a - Magic Dart            Conj           100%       1d8       1%          1
b - Searing Ray           Conj           54%        3d5       1%          2
c - Blink                 Tloc           N/A        N/A       16%         2
d - Poisonous Vapours     Pois/Air       32%        N/A       5%          2
e - Olgreb's Toxic Radia  Pois           27%        N/A       13%         4

Your spell library contained the following spells:

 Spells                   Type           Power      Damage    Failure   Level
 Sting                    Tmut/Pois      64%        1d6       3%          1
 Dazzling Flash           Conj/Hex       32%        N/A       11%         3
 Gell's Gravitas          Tloc           2%         N/A       30%         3
 Lesser Beckoning         Tloc           2%         N/A       30%         3
 Teleport Other           Tloc           5%         N/A       30%         3
 Fulminant Prism          Conj/Hex       8%         3d7       34%         4
 Iskenderun's Mystic Bla  Conj/Tloc      16%        2d5       34%         4
 Manifold Assault         Tloc           5%         N/A       95%         5
 Summon Forest            Summ/Tloc      2%         N/A       95%         5
 Eringya's Noxious Bog    Tmut/Pois      8%         N/A       99%         6
 Storm Form               Tmut/Air       2%         N/A       100%        7
 Summon Hydra             Summ           2%         N/A       100%        7


Dungeon Overview and Level Annotations

Branches:
Dungeon (6/15)              Sewer (visited)
 Temple: D:4-7

Altars:
Hepliaklqana
Sif Muna
Wu Jian

Shops:
D:4 *

Annotations:
D:4 Grinder
D:6 Blork the orc


Innate Abilities, Weirdness & Mutations

You cannot wear most types of armour.
You are amphibious.
You can wear up to eight rings at the same time.
Your skin changes colour to match your surroundings (Stealth+).
Your rubbery body absorbs attacks. (AC +1, EV +1)
((You are camouflaged near water. (Stealth+)))
You have tentacles for arms and can constrict up to eight enemies at once.


Message History

You start waiting.
Done waiting.
Items here: )) [[.
There is a stone staircase leading down here.
Unknown command.
You climb downwards.
Level annotation: Blork the orc The wight closely misses you.
The wight hits you with a +0 dagger.
You feel drained.
There is a stone staircase leading up here.
The wight misses you. The wight barely misses you.
You climb upwards.
There is a stone staircase leading down here.
Casting: Searing Ray (safe; 1% risk of failure)
Confirm with . or Enter, or press ? or * to list all spells.
Aiming: Searing Ray (safe; 1% risk of failure)
Press: ? - help, Shift-Dir - straight line, f - wight
Aim: a wight, wielding a +0 dagger and wearing a +0 robe (79% to hit)
The searing ray hits the wight.
The wight is moderately damaged.
The searing ray hits the wight!
The wight is heavily damaged. (Press . to maintain the ray.)
The wight hits you with a +0 war axe!
The searing ray misses the wight.
The searing ray hits the wight!
You destroy the wight!
The wight hits you with a +0 war axe!
* * * LOW HITPOINT WARNING * * *
You feel drained.
* * * LOW HITPOINT WARNING * * *
The searing ray hits the wight.
The wight is severely damaged.
The wight hits you with a +0 war axe!
* * * LOW HITPOINT WARNING * * *
You feel drained.
* * * LOW HITPOINT WARNING * * *
The wight hits you with a +0 war axe!
* * * LOW HITPOINT WARNING * * *
You feel drained.
You die...

#......##.........#.......#......
.......>..........##.....##......
#...#..####.....####.....##......
###.#..##.#.....###..............
###..#....##....#.......#......
##....#....#####........##......
##........### ##...............
#.........#######................
................@.####...........
#.............#z### #..>........
####........###)## ###.#.........
.##..#....### #.)# #...#.........
##...##...######.###..###.#......
##.....##..#...#..#...#####....##
....#.............#..#.#.#....##.
...###...............#........#..
#..# ####..........#.......#.....


You could see a wight.

Vanquished Creatures
  A necrophage (D:3)
  A sky beast (D:5)
  A centaur (D:6)
  A phantom (D:5)
  A kobold brigand (Sewer)
  2 scorpions
  3 wights (D:5)
  A howler monkey (D:5)
  A hound (D:4)
  2 iguanas
  3 howler monkey skeletons
  3 gnolls (D:4)
  A river rat (Sewer)
  11 adders
  An ufetubus (D:5)
  An adder skeleton (D:4)
  2 worms (D:2)
  2 dart slugs
  4 orcs
  9 ball pythons
  7 bats
  14 endoplasms
  6 giant cockroaches
  4 goblins
  4 hobgoblins
  9 jackals
  5 quokkas
  A frilled lizard (D:2)
  8 kobolds
  6 rats
115 creatures vanquished.

Vanquished Creatures (others)
  A fungus (D:2)
1 creature vanquished.

Grand Total: 116 creatures vanquished

Notes
Turn   | Place    | Note
-------+----------+-------------------------------------------
     0 | D:1      | swerve the Octopode Conjurer began the quest for the Orb.
     0 | D:1      | Reached XP level 1. HP: 11/11 MP: 3/3
   212 | D:1      | Reached skill level 1 in Fighting
   371 | D:1      | Reached XP level 2. HP: 18/18 MP: 1/5
   417 | D:1      | Learned a level 2 spell: Searing Ray
  1091 | D:1      | Reached XP level 3. HP: 25/25 MP: 3/6
  1223 | D:1      | Learned a level 2 spell: Blink
  2447 | D:2      | Reached XP level 4. HP: 31/31 MP: 0/7
  3040 | D:2      | Found a faded altar of an unknown god.
  3124 | D:3      | Noticed a necrophage
  3281 | D:3      | Killed a necrophage
  3282 | D:3      | Reached skill level 5 in Fighting
  3282 | D:3      | Reached XP level 5. HP: 32/39 MP: 1/8
  3989 | D:3      | Learned a level 2 spell: Poisonous Vapours
  4364 | D:3      | Reached XP level 6. HP: 45/45 MP: 6/10
  4706 | D:4      | Found a glowing drain.
  4864 | Sewer    | Entered a sewer
  5067 | Sewer    | Found a white marble altar of Elyvilon.
  5447 | D:4      | Reached XP level 7. HP: 50/50 MP: 8/14
  5477 | D:4      | Identified the +6 mace of Dismemberment {freeze, Str+4}
  5601 | D:4      | Learned a level 4 spell: Olgreb's Toxic Radiance
  5601 | D:4      | Noticed Grinder
  5668 | D:4      | Found Netaf's Gadget Gallery.
  5727 | D:4      | Reached skill level 5 in Spellcasting
  5873 | D:4      | Found a shimmering blue altar of Sif Muna.
  5873 | D:4      | Found a hazy altar of Hepliaklqana.
  5873 | D:4      | Found an ornate altar of the Wu Jian Council.
  6040 | D:5      | Entered Level 5 of the Dungeon
  6108 | D:5      | Reached skill level 5 in Conjurations
  6108 | D:5      | Reached skill level 1 in Poison Magic
  6833 | D:5      | Reached XP level 8. HP: 51/55 MP: 7/15
  7604 | D:6      | Reached skill level 5 in Poison Magic
  7771 | D:6      | Noticed Blork the orc
  8320 | D:5      | HP: 2/53 [wight (10)]
  8320 | D:5      | Slain by a wight

Illustrated notes

Levels and vault maps discovered:
D:1:      wander_arrival_desolate, layout_basic
D:2:      layout_rooms, shapermc_ecumenical_altar_acropolis
D:3:      layout_rooms
D:4:      layout_cave_pools, gammafunk_temple_overflow_claw,
          gup_sewer_entry_glass, serial_column_ruins, column_ruins_hut_ruined,
          column_ruins_open_small, column_ruins_open_tiny,
          column_ruins_open_large, column_ruins_open_small,
          nicolae_shop_gadgets, uniq_grinder
D:5:      layout_cave_pools
D:6:      minmay_inner_zag, layout_cave_pools, temple_doors_cd,
          kennysheep_cross_room, moated_statue, uniq_blork_the_orc

Skill      XL: |  1  2  3  4  5  6  7  8 |
---------------+-------------------------+-----
Fighting       | 1 2 3 5 |  5.0
Spellcasting   | 4 5 |  5.0
Conjurations   | 5 |  5.0
Poison Magic   | 4 5 |  5.0
Stealth        | 4 |  4.7
Dodging        | |  2.0

Action                   |  1- 3 |  4- 6 |  7- 9 || total
-------------------------+-------+-------+-------++-------
Melee: Constrict         |     3 |     3 |       ||     6
       Long sword        |     2 |       |       ||     2
       Short sword       |     6 |    15 |       ||    21
       Tentacles         |     3 |     3 |       ||     6
       Mace              |       |       |     1 ||     1
Throw: Dart              |       |     1 |       ||     1
 Cast: Magic Dart        |    74 |    86 |    14 ||   174
       Searing Ray       |     2 |    22 |    21 ||    45
       Poisonous Vapours |       |       |     5 ||     5
Evoke: Wand              |       |     2 |       ||     2
  Use: Scroll            |       |     7 |     1 ||     8
 Stab: Sleeping          |       |     1 |     1 ||     2
Armor: Skin              |       |     5 |     1 ||     6
Dodge: Dodged            |     8 |    41 |    22 ||    71
       Rpst.: Long sword |     1 |       |       ||     1

Table legend: (Time is in decaauts)
 A = Elapsed time spent in this place.
 B = Non-inter-level travel time spent in this place.
 C = Inter-level travel time spent in this place.
 D = Time resting spent in this place.
 E = Time spent auto-exploring this place.
 F = Levels seen in this place.
 G = Mean time per level.
                   A        B        C        D        E       F      G
               +--------+--------+--------+--------+--------+-----+--------+
         Total |   8327 |   8187 |    140 |   4891 |   2316 |   7 | 1189.6 |
       Dungeon |   8089 |   7949 |    140 |   4808 |   2237 |   6 | 1348.2 |
         Sewer |    238 |    238 |      0 |     83 |     79 |   1 |  238.0 |
               +--------+--------+--------+--------+--------+-----+--------+

Top non-repeatable levels by time:
     D:5: 2059 daAuts
     D:1: 2050 daAuts
     D:2: 1442 daAuts
     D:4: 1209 daAuts
     D:3: 1104 daAuts
   Sewer: 238 daAuts
     D:6: 223 daAuts
